 Dungeon Crawl Stone Soup version 0.28.0-43-g3370ac3207 (webtiles) character file.

Game seed: 5735810748992462840

6447 Bruhh the Thaumaturge (level 11, -5/76 HPs)
             Began as a Djinni Ice Elementalist on Mar 25, 2022.
             Was a Priest of Hepliaklqana.
             Slain by a wyvern (7 damage)
             ... on level 10 of the Dungeon.
             The game lasted 00:42:19 (14158 turns).

Bruhh the Thaumaturge (Djinni Ice Elementalist)    Turns: 14158, Time: 00:42:21

Health: -5/76      AC:  9    Str:  7    XL:     11   Next: 18%
Gold:   451        EV: 11    Int: 22    God:    Hepliaklqana [***...] SH:  0 Dex: 21

rFire   + + +      SeeInvis +   e - +2 dagger (drain)
rCold   . . .      Faith    .   (no shield)
rNeg    . . .      Spirit   .   y - +1 acid dragon scales
rPois   ∞          Reflect  .   f - +0 helmet "Bacitao" {-Tele rElec rCorr SInv}
rElec   +          Harm     .   n - scarf {rC+ rF+}
rCorr   +          Rampage  .   m - +0 pair of gloves
Will    +....      NoTele   +   (boots unavailable)
Stlth   ++........              (no amulet)
HPRegen 0.22/turn               w - +6 ring of dexterity
MPRegen 0.00/turn               l - ring of resist corrosion

@: freezing walls, flying
A: reduced essence, sickness immunity, fire resistance 2, cold vulnerability 1,
float, innate caster, HP casting, extra vitality 1, see invisible, agile 1
a: Renounce Religion, Recall Ancestor, Ancestor Identity, Transference


You were on level 10 of the Dungeon.
You worshipped Hepliaklqana.
Hepliaklqana was most pleased with you.
You visited 2 branches of the dungeon, and saw 11 of its levels.

You collected 451 gold pieces.

Inventory:

Hand Weapons
 b - a +0 dagger
 e - a +2 dagger of draining (weapon)
 h - a +0 short sword of protection
 k - a +1 antimagic trident
 o - a +1 rapier of venom
 z - a +1 halberd of flaming
Missiles
 j - 3 throwing nets
Armour
 a - a +0 robe
 f - the +0 helmet "Bacitao" (worn) {-Tele rElec rCorr SInv}
   (You acquired it on level 6 of the Dungeon)

   rElec:     It insulates you from electricity.
   SInv:      It lets you see invisible.
   -Tele:     It prevents most forms of teleportation.
   rCorr:     It protects you from acid and corrosion.
 g - the +1 robe "Atef" {rF+ Int+2 Slay-4}
   (You found it on level 5 of the Dungeon)

   Int:       It affects your intelligence (+2).
   Slay:      It affects your accuracy & damage with ranged weapons and melee
   (-4).
   rF:        It protects you from fire.
 m - a +0 pair of gloves (worn)
 n - a scarf of resistance (worn)
 u - a +0 chain mail of cold resistance
 y - +1 acid dragon scales (worn)
 D - a +0 helmet
Jewellery
 l - a ring of resist corrosion (right hand)
 w - a +6 ring of dexterity (left hand)
 F - a ring of ice
 G - a ring of positive energy
Wands
 x - a wand of charming (18)
 B - a wand of iceblast (7)
 H - a wand of acid (3)
Scrolls
 c - a scroll of immolation
 d - 5 scrolls of teleportation
 i - a scroll of summoning {unknown}
 p - a scroll of blinking
 q - a scroll of enchant weapon
 r - a scroll of magic mapping
 s - a scroll of identify
 t - a scroll of silence
 v - 2 scrolls of brand weapon {unknown}
 C - a scroll of enchant armour
Potions
 A - 4 potions of curing


   Skills:
 - Level 10.1 Fighting
 - Level 2.1 Dodging
 - Level 1.5 Stealth
 * Level 10.4 Spellcasting


You had 5 spell levels left.
You knew the following spells:

 Your Spells              Type           Power      Damage    Failure   Level
a - Freeze                Ice            100%       1d11      1%          1
b - Frozen Ramparts       Ice            100%       1d12      1%          3
c - Ozocubu's Armour      Ice            55%        N/A       1%          3
d - Hailstorm             Conj/Ice       55%        3d12      1%          4
e - Foxfire               Conj/Fire      100%       2x1d9     1%          1
f - Scorch                Fire           100%       2d10      1%          2
g - Poisonous Vapours     Pois/Air       100%       N/A       1%          2
h - Anguish               Hex/Necr       27%        N/A       1%          4
i - Summon Mana Viper     Hex/Summ       55%        N/A       4%          5
Your spell library was empty.

Dungeon Overview and Level Annotations

Branches:
Dungeon (10/15)            Temple (1/1) D:4            Lair (0/6) D:10
    Orc: D:9-12

Altars:
Ashenzari
Cheibriados
Dithmenos
Elyvilon
Fedhas
Gozag
Hepliaklqana
Kikubaaqudgha
Makhleb
Nemelex Xobeh
Okawaru
Trog
Uskayaw
Vehumet
Xom
Yredelemnul
Zin
The Shining One

Shops:
D:7 [

Annotations:
D:8 2 runed translucent doors, 1 transporter, dnkovka's ghost, novice MiFi
D:10 Urug


Innate Abilities, Weirdness & Mutations

Your life essence is reduced to manifest your ancestor. (-10% HP)
You are immune to sickness and miasma.
You are immune to poison.
Your flesh is very heat resistant. (rF++)
You are vulnerable to cold. (rC-)
You float through the air rather than walking.
You learn spells naturally, not from books.
Your magical power is your life essence.
You have superior vitality. (+4 MHP)
You have supernaturally acute eyesight. (SInv)
You are agile. (Dex +2)


Message History

A nearby fungus withers and dies.
The wyvern bites you.
The wall freezes the wolf.
You kill the wolf!
The wolf closely misses you.
A water moccasin comes into view.
Bianca misses Urug.
The wyvern bites you but does no damage.
The wolf bites you but does no damage.
Urug drinks a potion.
Urug is healed!
The water moccasin moves out of view.
A nearby plant withers and dies. x2; The wolf closely misses you.
The wyvern bites you.
Keep disrobing?
Bianca hits Urug with a +0 flail.
Urug hits Bianca with a +2 war axe of electrocution!!
Lightning courses through Bianca!
Bianca is destroyed!
The wolf bites you but does no damage.
You start removing your armour.
You continue taking off the +0 helmet "Bacitao" {-Tele rElec rCorr SInv}.
The wyvern bites you! The wolf barely misses you.
The wyvern bites you but does no damage.
You continue taking off the +0 helmet "Bacitao" {-Tele rElec rCorr SInv}.
The wolf barely misses you. The wyvern bites you!
* * * LOW HITPOINT WARNING * * *
The wolf bites you.
* * * LOW HITPOINT WARNING * * *
The wyvern hisses menacingly.
You continue taking off the +0 helmet "Bacitao" {-Tele rElec rCorr SInv}.
The wyvern barely misses you.
The wolf pauses to sniff the ground.
The wolf bites you but does no damage.
The wall freezes the black bear!
The black bear bites you but does no damage.
The black bear claws you.
* * * LOW HITPOINT WARNING * * *
The black bear claws you but does no damage.
The wolf bites you.
* * * LOW HITPOINT WARNING * * *
You continue taking off the +0 helmet "Bacitao" {-Tele rElec rCorr SInv}.
The wall freezes the wyvern!
The wyvern bites you!
You die...

#.# #....# #. #.#
#....# .# #.
##.####....######.#.
#.
#...............P.P.
#.
#######....###P...P.
##....##.....P.
#........P.....
#.###lo.†!..... #.
#@Sl†....♣ #.
#hh.♣.P..P. #.
#........>.
#.........♣
#.........l
###...Ph?.P
#P......♣ ##......


You could see Urug, a water moccasin, 2 black bears, 2 wyverns and a wolf.

Vanquished Creatures
  Harold (D:8)
  An ugly thing (D:10)
  Joseph (D:8)
  Maggie (D:6)
  2 trolls (D:9)
  Sigmund (D:6)
  A water moccasin (D:10)
  An ice beast (D:5)
  A black bear (D:8)
  2 ogres (D:5)
  3 orc warriors
  A necrophage (D:6)
  2 wolves (D:10)
  2 centaurs
  4 kobold brigands
  3 bullfrogs
  2 scorpions
  A water moccasin skeleton (D:5)
  4 howler monkeys
  7 wights
  2 hounds (D:6)
  2 centaur zombies
  6 orc priests
  A jelly (D:8)
  2 centaur skeletons
  A gnoll shaman (D:6)
  3 iguanas
  4 orc wizards
  3 killer bee zombies
  A hound skeleton (D:4)
  A howler monkey zombie (D:5)
  A howler monkey skeleton (D:6)
  7 gnolls
  9 adders
  A white imp (D:7)
  An ufetubus (D:6)
  An adder skeleton (D:4)
  A dart slug (D:4)
  21 orcs
  9 ball pythons
  4 endoplasms
  3 giant cockroaches
  8 goblins
  7 hobgoblins
  2 jackals (D:1)
  4 quokkas
  3 bats
  6 frilled lizards
  24 kobolds
  2 rats (D:2)
181 creatures vanquished.

Vanquished Creatures (collateral kills)
  A troll (D:9)
  A water moccasin (D:10)
  2 orc warriors (D:9)
  An ice beast (D:6)
  An ogre (D:7)
  A bullfrog (D:7)
  2 wights (D:8)
  A howler monkey (D:9)
  An orc priest (D:9)
  2 centaur skeletons
  An iguana (D:10)
  A white imp (D:7)
  A kobold (D:8)
16 creatures vanquished.

Vanquished Creatures (others)
  A wight (D:8)
  An ancestor (D:6)
  2 knights
  90 foxfires
  A fungus (D:10)
  10 plants
105 creatures vanquished.

Grand Total: 302 creatures vanquished

Notes
Turn   | Place    | Note
-------+----------+-------------------------------------------
     0 | D:1      | Bruhh the Djinni Ice Elementalist began the quest for the
                  | Orb.
     0 | D:1      | Reached XP level 1. HP: 15/15 MP: 0/0
   320 | D:1      | Reached XP level 2. HP: 6/21 MP: 0/0
   934 | D:1      | Found a faded altar of an unknown god.
  1323 | D:1      | Reached XP level 3. HP: 25/25 MP: 0/0
  1323 | D:1      | Learned a level 1 spell: Foxfire
  2571 | D:3      | Reached XP level 4. HP: 29/31 MP: 0/0
  2648 | D:3      | Found a burning altar of Makhleb.
  3723 | D:4      | Found a staircase to the Ecumenical Temple.
  3740 | Temple   | Entered the Ecumenical Temple
  4075 | Temple   | Became a worshipper of Hepliaklqana the Forgotten
  4237 | D:4      | Reached XP level 5. HP: 20/35 MP: 0/0
  4237 | D:4      | Learned a level 2 spell: Scorch
  4513 | D:4      | Reached skill level 5 in Spellcasting
  4513 | D:4      | Reached XP level 6. HP: 5/40 MP: 0/0
  5177 | D:5      | Entered Level 5 of the Dungeon
  5187 | D:5      | Identified the +1 robe "Atef" {rF+ Int+2 Slay-4}
  5670 | D:5      | Noticed an ice beast
  5877 | D:5      | Noticed an ogre
  5891 | D:5      | Killed an ogre
  5892 | D:5      | Reached XP level 7. HP: 32/45 MP: 0/0
  5892 | D:5      | Learned a level 2 spell: Poisonous Vapours
  6404 | D:5      | Reached XP level 8. HP: 36/50 MP: 0/0
  7067 | D:6      | Reached * piety under Hepliaklqana
  7540 | D:6      | Noticed Maggie
  7548 | D:6      | Killed Maggie
  7549 | D:6      | Reached XP level 9. HP: 36/49 MP: 0/0
  7549 | D:6      | Learned a level 4 spell: Anguish
  7680 | D:6      | Reached skill level 1 in Fighting
  8114 | D:6      | Noticed Sigmund
  8121 | D:6      | Killed Sigmund
  8391 | D:6      | Identified a scroll of acquirement
  8391 | D:6      | Acquired the +0 helmet "Bacitao" {-Tele rElec rCorr SInv}
  8406 | D:6      | Gained mutation: You have hidden genetic defects. [potion
                  | of mutation]
  8406 | D:6      | Gained mutation: You have supernaturally acute eyesight.
                  | (SInv) [potion of mutation]
  8406 | D:6      | Gained mutation: You are agile. (Dex +2) [potion of
                  | mutation]
  8406 | D:6      | Lost mutation: You have hidden genetic defects. [potion of
                  | mutation]
  8466 | D:6      | Found a hide-covered altar of Uskayaw.
  8469 | D:6      | Found a blossoming altar of Fedhas.
  9113 | D:7      | Reached skill level 5 in Fighting
  9269 | D:7      | Reached ** piety under Hepliaklqana
  9270 | D:7      | Remembered your ancestor Bianca as a knight
  9485 | D:7      | Found a snail-covered altar of Cheibriados.
 10020 | D:7      | Found Heinrich's Dragon-Slaying Spoils.
 10603 | D:8      | Found a large runed translucent door.
 10605 | D:8      | Noticed Joseph
 10619 | D:8      | Killed Joseph
 10620 | D:8      | Reached XP level 10. HP: 7/68 MP: 0/0
 10624 | D:8      | Found a large runed translucent door.
 10999 | D:8      | Noticed Harold
 11011 | D:8      | Killed Harold
 11333 | D:8      | Found a shadowy altar of Dithmenos.
 11770 | D:8      | Noticed dnkovka's ghost (novice MiFi)
 11774 | D:8      | Found a transporter.
 12427 | D:9      | Found a white marble altar of Elyvilon.
 12471 | D:9      | Reached skill level 10 in Fighting
 13355 | D:9      | Reached *** piety under Hepliaklqana
 13380 | D:9      | Found a sparkling altar of Nemelex Xobeh.
 13507 | D:9      | Reached XP level 11. HP: 61/76 MP: 0/0
 13507 | D:9      | Learned a level 5 spell: Summon Mana Viper
 13748 | D:10     | Entered Level 10 of the Dungeon
 13761 | D:10     | Noticed a brown ugly thing
 13769 | D:10     | Killed a brown ugly thing
 13770 | D:10     | Reached skill level 10 in Spellcasting
 14144 | D:10     | Found a staircase to the Lair.
 14144 | D:10     | Noticed Urug
 14157 | D:10     | HP: 2/76 [wolf (5)]
 14158 | D:10     | Slain by a wyvern

Illustrated notes

Levels and vault maps discovered:
D:1:      matt_arrival_spirals, layout_loops_cross,
          shapermc_ecumenical_altar_petra, nrook_mini_backslash
D:2:      layout_loops_ring, corexii_shack
D:3:      layout_basic, lemuel_round_altar, kennysheep_generic_room_3
D:4:      layout_loops_ring, minmay_temple_entry_grid
D:5:      layout_rooms
D:6:      cheibrodos_thug_alley, layout_loops_ring, minitemple, uniq_maggie,
          uniq_sigmund
D:7:      layout_basic, kennysheep_mini_moat, serial_curves, eino_curves_03,
          eino_curves_04, nicolae_shop_dragon_depot
D:8:      layout_loops_corners, jmf_multi_god_temple2, grunt_dithmenos_smoke,
          gammafunk_ghost_smash, uniq_joseph, uniq_harold
D:9:      layout_long_grid, nemelex_spade_bored_becter,
          nicolae_elyvilon_peaceful_grove
D:10:     layout_basic, nicolae_qazlal_scattered_showers,
          nicolae_sif_muna_condensation, minmay_lair_entry_grove,
          gammafunk_ghost_cemetery, serial_shops, nicolae_shop_hallway_stairs,
          minmay_misc_feat_iff, uniq_urug
Temple:   minmay_temple_curvy_loop

Skill      XL: |  1  2  3  4  5  6  7  8  9 10 11 |
---------------+----------------------------------+-----
Spellcasting   | 4 5 6 7 8 9 10 | 10.4
Fighting       | 8 10 | 10.1
Dodging        | |  2.1
Stealth        | |  1.5

Action                   |  1- 3 |  4- 6 |  7- 9 | 10-12 || total
-------------------------+-------+-------+-------+-------++-------
Melee: Dagger            |    32 |    39 |    16 |     2 ||    89
       Punch             |     1 |     2 |     1 |       ||     4
 Cast: Freeze            |    43 |    22 |       |       ||    65
       Foxfire           |     1 |    37 |    14 |     7 ||    59
       Scorch            |       |     9 |    97 |    78 ||   184
       Frozen Ramparts   |       |     3 |     9 |    11 ||    23
       Ozocubu's Armour  |       |     1 |     1 |       ||     2
       Poisonous Vapours |       |       |    24 |     2 ||    26
       Anguish           |       |       |     5 |     1 ||     6
       Hailstorm         |       |       |       |     7 ||     7
       Summon Mana Viper |       |       |       |     3 ||     3
Invok: Ancestor Life: Kn |       |       |     1 |       ||     1
       Ancestor Identity |       |       |     1 |       ||     1
  Use: Potion            |       |     2 |     4 |     1 ||     7
       Scroll            |       |       |    10 |       ||    10
 Stab: Sleeping          |     1 |     1 |       |       ||     2
Armor: Robe              |    12 |    16 |     8 |       ||    36
       Skin              |       |     4 |       |       ||     4
       Acid dragon scale |       |       |     9 |    28 ||    37
Dodge: Dodged            |    40 |    57 |    35 |    30 ||   162
